 Dungeon Sprint DCSS version 0.28.0-1-gb440e238dd (webtiles) character file.

Game seed: 6423399396186644362

674 boopmooplesden the Carver (level 7, -11/78 HPs)
             Began as a Minotaur Berserker on Feb 26, 2022.
             Was a Believer of Trog.
             Mangled by a flying skull (13 damage)
             ... in the Dungeon (Sprint II: "The Violet Keep of Menkaure").
             The game lasted 00:00:25 (36 turns).

boopmooplesden the Carver (Minotaur Berserker)        Turns: 36, Time: 00:00:25

Health: -11/78     AC:  2    Str: 22    XL:     7   Next: 33%
Magic:  5/5        EV: 13    Int:  6    God:    Trog [**....]
Gold:   0          SH:  0    Dex:  9    Spells: 6/6 levels left

rFire   . . .      SeeInvis .   a - +0 falchion
rCold   . . .      Faith    .   (no shield)
rNeg    . . .      Spirit   .   b - +0 animal skin
rPois   .          Reflect  .   (helmet restricted)
rElec   .          Harm     .   (no cloak)
rCorr   .          Rampage  .   (no gloves)
Will    .....      NoTele   +   (no boots)
Stlth   +.........              (no amulet)
HPRegen 0.23/turn               (no ring)
MPRegen 0.09/turn               (no ring)

@: on berserk cooldown
A: horns 2, retaliatory headbutt, low MP 1
a: Renounce Religion, Berserk, Trog's Hand


You were in the Dungeon.
You worshipped Trog.
Trog was pleased with you.
You visited 1 branch

Inventory:

Hand Weapons
 a - a +0 falchion (weapon)
Armour
 b - a +0 animal skin (worn)
Scrolls
 h - a scroll of blinking
Potions
 c - a potion of curing
 e - a potion of haste
 f - 2 potions of magic
 g - a potion of berserk rage


   Skills:
 + Level 12.3 Fighting
 + Level 12.5 Long Blades
 + Level 6.4 Armour
 + Level 6.4 Dodging


You had 6 spell levels left.
You didn't know any spells.
Your spell library was empty.

Dungeon Overview and Level Annotations

Branches:
Dungeon (1/1)

Altars:


Innate Abilities, Weirdness & Mutations

You have a pair of horns on your head.
You reflexively headbutt those who attack you in melee.
Your magical capacity is low. (-10% MP)


Message History

You miss the flying skull. Your headbutt misses the flying skull.
The flying skull is lightly damaged.
The flying skull hits you.
You hit the flying skull. Your headbutt misses the flying skull.
The flying skull is lightly damaged.
The flying skull hits you!
* * * LOW HITPOINT WARNING * * *
The flying skull hits you but does no damage.
You barely miss the flying skull. Your headbutt misses the flying skull.
The flying skull is lightly damaged.
The flying skull misses you. The flying skull hits you.
* * * LOW HITPOINT WARNING * * *
You slash the flying skull!
The flying skull is heavily damaged.
The flying skull barely misses you.
You slash the flying skull!
You headbutt the flying skull, but do no damage.
The flying skull is almost destroyed.
The flying skull completely misses you. The flying skull hits you!
* * * LOW HITPOINT WARNING * * *
You barely miss the flying skull. You headbutt the flying skull.
You destroy the flying skull!
Trog accepts your kill. The flying skull barely misses you.
You furiously retaliate!
You headbutt the flying skull.
Your Fighting skill increases to level 12!
Your Long Blades skill increases to level 12!
Your Dodging skill increases to level 6!
You have reached level 7!
Unknown command.
Unknown command.
Unknown command.
You closely miss the flying skull.
The flying skull is moderately damaged.
The flying skull closely misses you.
You slash the flying skull!
The flying skull is almost destroyed.
You feel yourself speed up. The flying skull barely misses you.
The flying skull hits you!
You die... zz≈# z°'

..z
#3##
##.$.#
#.##
##z##
##z#
##@##
+.<.+
##.##
#+#


You could see 2 flying skulls.

Vanquished Creatures
  A flying skull (D)
  4 neqoxecs (D)
5 creatures vanquished.

Notes
Turn   | Place    | Note
-------+----------+-------------------------------------------
     0 | D        | boopmooplesden the Minotaur Berserker began the quest for
                  | the Orb.
     0 | D        | Reached XP level 1. HP: 19/19 MP: 0/0
     1 | D        | Noticed a neqoxec
     1 | D        | Noticed a neqoxec
     4 | D        | Noticed a neqoxec
     7 | D        | Killed a neqoxec
     8 | D        | Reached XP level 2. HP: 35/35 MP: 1/1
     8 | D        | Reached XP level 3. HP: 40/40 MP: 2/2
     8 | D        | Reached XP level 4. HP: 48/48 MP: 3/3
    10 | D        | Killed a neqoxec
    10 | D        | Reached ** piety under Trog
    11 | D        | Reached skill level 10 in Long Blades
    11 | D        | Reached skill level 5 in Armour
    11 | D        | Reached XP level 5. HP: 58/58 MP: 4/4
    16 | D        | Killed a neqoxec
    17 | D        | Reached skill level 10 in Fighting
    17 | D        | Reached skill level 5 in Dodging
    17 | D        | Reached XP level 6. HP: 41/67 MP: 5/5
    17 | D        | Noticed a flying skull
    17 | D        | Noticed a flying skull
    17 | D        | Noticed a neqoxec
    17 | D        | Noticed a flying skull
    17 | D        | Noticed a flying skull
    23 | D        | Gained mutation: Your magical capacity is low. (-10% MP) [a
                  | neqoxec]
    26 | D        | Killed a neqoxec
    33 | D        | HP: 1/68 [flying skull (12)]
    34 | D        | Killed a flying skull
    35 | D        | Reached XP level 7. HP: 1/78 MP: 5/5
    36 | D        | Mangled by a flying skull

Illustrated notes

Levels and vault maps discovered:
D:        the_violet_keep_of_menkaure [sprint2_stairs_cluster_1,
          sprint2_shoproom, sprint2_temple, sprint2_basic_supplies,
          sprint2_obstacle_2, sprint2_obstacle_3, sprint2_obstacle_1,
          sprint2_obstacle_6, sprint2_obstacle_5, sprint2_timed_cluster_1,
          sprint2_smallroom_cluster_1, sprint2_smallroom_final_cluster_1,
          sprint2_transparent_cluster_1, sprint2_second_timed_cluster_1,
          sprint2_sniper_area_1, sprint2_heavy_combat_area_1,
          sprint2_mutation_trap_area_1, sprint2_forest_area_1,
          sprint2_light_combat_area_1, sprint2_behind_water_1,
          sprint2_near_end_vault_1]

Skill      XL: |  1  2  3  4  5  6 |
---------------+-------------------+-----
Fighting       | 8 9 10 12 | 12.3
Long Blades    | 8 10 11 12 | 12.5
Armour         | 4 5 6 |  6.4
Dodging        | 4 5 6 |  6.4

Action                   |  1- 3 |  4- 6 |  7- 9 || total
-------------------------+-------+-------+-------++-------
Melee: Falchion          |     5 |    20 |     2 ||    27
       Headbutt          |       |     6 |       ||     6
Invok: Berserk           |     1 |       |       ||     1
  Use: Potion            |       |     1 |       ||     1
Armor: Animal skin       |     1 |     2 |       ||     3
Dodge: Dodged            |     2 |     9 |     2 ||    13
